[Event "ICC tourney 2520 (60 10)"]
[Site "Internet Chess Club"]
[Date "2021.04.17"]
[Round "1"]
[White "KHAN, ADIL LEONIDAS:akhan123"]
[Black "WOLFHAGEN, YONAH:YonahWps130"]
[Result "1-0"]
[ICCResult "Black checkmated"]
[WhiteElo "757"]
[BlackElo "379"]
[Opening "Petrov three knights game"]
[ECO "C42"]
[NIC "RG.01"]
[Time "10:02:40"]
[PlyCount "23"]
[TimeControl "3600+10"]

1. e4 e5 2. Nf3 Nf6 3. Nc3 Bc5 4. Be2 Nc6 5. Nxe5 Nxe5 6. d4 b6 7. dxe5
Nxe4 8. Nxe4 f6 9. exf6 gxf6 10. Bh5+ Kf8 11. Bh6+ Kg8 12. Qg4# { Black
checkmated } 1-0

[Event "ICC tourney 2520 (60 10)"]
[Site "Internet Chess Club"]
[Date "2021.04.17"]
[Round "1"]
[White "KLIPER, ARIEL:ArKliper"]
[Black "HACKETT, NORA:NoraHps77"]
[Result "1-0"]
[ICCResult "Black checkmated"]
[WhiteElo "606"]
[BlackElo "160"]
[Opening "Giuoco Pianissimo: Italian four knights variation"]
[ECO "C47"]
[NIC "RG.01"]
[Time "10:02:43"]
[PlyCount "25"]
[TimeControl "3600+10"]

1. e4 e5 2. Nf3 Nf6 3. Nc3 Nc6 4. Bc4 Bc5 5. d3 O-O 6. O-O d6 7. Bg5 h6 8.
Bh4 Bg4 9. h3 Bxf3 10. Qxf3 Qb8 11. Qg3 d5 12. Bxf6 dxe4 13. Qxg7# { Black
checkmated } 1-0

[Event "ICC tourney 2520 (60 10)"]
[Site "Internet Chess Club"]
[Date "2021.04.17"]
[Round "1"]
[White "GOMEZ, ARONNY:Aronny0512"]
[Black "CHUGANI, ASHVIN:Ashvinc"]
[Result "0-1"]
[ICCResult "White checkmated"]
[WhiteElo "100"]
[BlackElo "549"]
[Opening "Van't Kruijs opening"]
[ECO "A00"]
[Time "10:02:21"]
[PlyCount "52"]
[TimeControl "3600+10"]

1. e3 e5 2. Qe2 d5 3. d3 Nf6 4. e4 d4 5. Bg5 Nc6 6. Qg4 Bxg4 7. f3 Be6 8.
f4 Bc5 9. c4 Bb4+ 10. Kd1 h6 11. Bh4 exf4 12. g3 g5 13. g4 Bxg4+ 14. Kc1
gxh4 15. Nd2 Bxd2+ 16. Kxd2 Qe7 17. Bh3 Bxh3 18. Nxh3 Nxe4+ 19. dxe4 Qxe4
20. Rae1 Qxe1+ 21. Kxe1 O-O-O 22. Rf1 d3 23. Rxf4 d2+ 24. Ke2 d1=Q+ 25. Ke3
Rhe8+ 26. Kf2 Rd2# { White checkmated } 0-1

[Event "ICC tourney 2520 (60 10)"]
[Site "Internet Chess Club"]
[Date "2021.04.17"]
[Round "1"]
[White "MAVROUDIS, ANTHONY JOHN:bananaplaychess"]
[Black "HERNANDEZ, KAMILA :KamilaHps139"]
[Result "1-0"]
[ICCResult "Black checkmated"]
[WhiteElo "615"]
[BlackElo "177"]
[Opening "Queen's gambit accepted"]
[ECO "D20"]
[NIC "QG.03"]
[Time "10:02:42"]
[PlyCount "51"]
[TimeControl "3600+10"]

1. d4 d5 2. c4 dxc4 3. e3 Nc6 4. Bxc4 e6 5. Nf3 Qe7 6. O-O h5 7. Nc3 Qf6 8.
d5 Nce7 9. dxe6 fxe6 10. Ne4 Qh6 11. Nc3 h4 12. e4 h3 13. Bxh6 hxg2 14.
Kxg2 gxh6 15. Kh1 Bd7 16. Bb5 c6 17. Bc4 Nf6 18. Ne5 Bc8 19. Qf3 Bg7 20.
Rfd1 O-O 21. Qg3 Nh5 22. Qe3 Bxe5 23. f3 Bd7 24. Rxd7 Nc8 25. Bxe6+ Kh8 26.
Qxh6# { Black checkmated } 1-0

[Event "ICC tourney 2520 (60 10)"]
[Site "Internet Chess Club"]
[Date "2021.04.17"]
[Round "1"]
[White "SHEININ, MARK:marksheinin"]
[Black "RIM, ARIANNA NAHRIM:Arianna0527"]
[Result "1-0"]
[ICCResult "Black checkmated"]
[WhiteElo "748"]
[BlackElo "359"]
[Opening "Two knights defense"]
[ECO "C57"]
[NIC "KP.01"]
[Time "10:02:22"]
[PlyCount "37"]
[TimeControl "3600+10"]

1. e4 e5 2. Nf3 Nc6 3. Bc4 Nf6 4. Ng5 d5 5. exd5 Ne7 6. d6 cxd6 7. Nxf7 Qd7
8. Nxh8 Ng6 9. Nxg6 hxg6 10. O-O Qd8 11. Nc3 Bf5 12. Qf3 e4 13. Qe2 Bg4 14.
f3 Bh3 15. gxh3 Nh5 16. Qxe4+ Be7 17. Qxg6+ Kf8 18. Qxh5 g6 19. Qh8# {
Black checkmated } 1-0

[Event "ICC tourney 2520 (60 10)"]
[Site "Internet Chess Club"]
[Date "2021.04.17"]
[Round "1"]
[White "WILLIAMS, WILES:WilesWps139"]
[Black "WANG, WYTHE:megaespeon"]
[Result "0-1"]
[ICCResult "White checkmated"]
[WhiteElo "148"]
[BlackElo "578"]
[Opening "Caro-Kann: exchange variation"]
[ECO "B13"]
[NIC "CK.02"]
[Time "10:02:28"]
[PlyCount "38"]
[TimeControl "3600+10"]

1. e4 c6 2. d4 d5 3. exd5 cxd5 4. Nc3 Bf5 5. Be2 e6 6. Bf3 Nf6 7. Bxd5 exd5
8. Nxd5 Nxd5 9. Nf3 Qe7+ 10. Be3 Nxe3 11. fxe3 Qxe3+ 12. Kf1 Nc6 13. d5 Nb4
14. d6 Bxc2 15. Qxc2 Nxc2 16. Rd1 Bxd6 17. Rxd6 O-O 18. Rg1 Rfe8 19. Ne1
Qxe1# { White checkmated } 0-1

[Event "ICC tourney 2520 (60 10)"]
[Site "Internet Chess Club"]
[Date "2021.04.17"]
[Round "1"]
[White "Tsuboyama, Devi:Sweetclover14"]
[Black "LEESE, ELLIOT:Elliotlps139"]
[Result "1-0"]
[ICCResult "Black checkmated"]
[WhiteElo "515"]
[BlackElo "100"]
[Opening "Philidor's defense"]
[ECO "C41"]
[NIC "KP.10"]
[Time "10:03:12"]
[PlyCount "45"]
[TimeControl "3600+10"]

1. e4 e5 2. Nf3 d6 3. Bc4 Bf5 4. Nc3 Bg4 5. O-O Be7 6. d3 Nh6 7. Be3 O-O 8.
h3 b6 9. hxg4 c6 10. Qd2 g5 11. Bxg5 Bxg5 12. Qxg5+ Kh8 13. Qxh6 b5 14. Bb3
a6 15. Rae1 a5 16. Re2 a4 17. Nxa4 bxa4 18. Bc4 c5 19. Bd5 Ra6 20. Re3 Nd7
21. Nh2 Nb6 22. Rh3 Nxd5 23. Qxh7# { Black checkmated } 1-0

[Event "ICC tourney 2520 (60 10)"]
[Site "Internet Chess Club"]
[Date "2021.04.17"]
[Round "1"]
[White "DAYEN, ANDREW:adayen"]
[Black "CHU, ELIAS:Checkmate065"]
[Result "1-0"]
[ICCResult "Black checkmated"]
[WhiteElo "396"]
[BlackElo "761"]
[Opening "Four knights: Spanish variation"]
[ECO "C48"]
[NIC "KP.03"]
[Time "10:02:29"]
[PlyCount "65"]
[TimeControl "3600+10"]

1. e4 e5 2. Nf3 Nc6 3. Nc3 Nf6 4. Bb5 d6 5. O-O Bg4 6. d3 a6 7. Bxc6+ bxc6
8. Bg5 Be7 9. Qd2 O-O 10. Nh4 h6 11. Bxf6 Bxf6 12. h3 Be6 13. f3 d5 14.
exd5 Bxd5 15. Nxd5 cxd5 16. Nf5 Qd7 17. g4 Bg5 18. Qa5 Rab8 19. Qxa6 Rxb2
20. Rfc1 Bxc1 21. Rxc1 Rb6 22. Qa3 Qc6 23. Ne7+ Kh7 24. Nxc6 Rxc6 25. Qxf8
Ra6 26. h4 Rxa2 27. h5 c6 28. Rb1 Rxc2 29. Rb8 Rc1+ 30. Kg2 Rc2+ 31. Kg3
Rg2+ 32. Kxg2 g6 33. Qh8# { Black checkmated } 1-0

[Event "ICC tourney 2520 (60 10)"]
[Site "Internet Chess Club"]
[Date "2021.04.17"]
[Round "1"]
[White "YARYSHKIN, BRUCE:donutbruce"]
[Black "CHAN, IVANA ROSE:ivanachan"]
[Result "0-1"]
[ICCResult "White checkmated"]
[WhiteElo "355"]
[BlackElo "739"]
[Opening "Three knights game"]
[ECO "C46"]
[NIC "KP.06"]
[Time "10:02:39"]
[PlyCount "88"]
[TimeControl "3600+10"]

1. e4 e5 2. Nf3 Nc6 3. Nc3 Bc5 4. h3 Nf6 5. Bc4 O-O 6. O-O d6 7. Be2 Be6 8.
Nh4 Nd4 9. Bf3 d5 10. exd5 Bxd5 11. Bxd5 Nxd5 12. Qh5 Nxc3 13. dxc3 Ne6 14.
Rd1 Qe7 15. Bg5 Nxg5 16. Nf5 Qf6 17. g4 Nf3+ 18. Kg2 Ng5 19. h4 Ne4 20. Rf1
g6 21. Nh6+ Kg7 22. g5 gxh5 23. gxf6+ Kxh6 24. f3 Rg8+ 25. Kh1 Ng3+ 26. Kg2
Nxf1+ 27. Kxf1 Rg1+ 28. Ke2 Rxa1 29. b4 Bb6 30. Kd3 Rd1+ 31. Kc4 Kg6 32. a4
Kxf6 33. b5 Kf5 34. Kb4 e4 35. fxe4+ Kxe4 36. c4 Be3 37. a5 f5 38. c5 f4
39. c4 f3 40. c6 bxc6 41. bxc6 f2 42. Kb5 f1=Q 43. a6 Rb8+ 44. Ka5 Ra1# {
White checkmated } 0-1

[Event "ICC tourney 2520 (60 10)"]
[Site "Internet Chess Club"]
[Date "2021.04.17"]
[Round "1"]
[White "GOLDSAND, MAX:MaxGR"]
[Black "TOSSOU, FAVOR:RYCSFavor"]
[Result "1-0"]
[ICCResult "Black checkmated"]
[WhiteElo "654"]
[BlackElo "292"]
[Opening "Four knights: Spanish variation"]
[ECO "C48"]
[NIC "KP.03"]
[Time "10:03:12"]
[PlyCount "47"]
[TimeControl "3600+10"]

1. e4 e5 2. Nf3 Nc6 3. Bb5 Nf6 4. Nc3 d6 5. O-O Be6 6. d3 Be7 7. Be3 O-O 8.
d4 exd4 9. Nxd4 Nxd4 10. Bxd4 a6 11. Bd3 Rb8 12. e5 dxe5 13. Bxe5 Bg4 14.
f3 Be6 15. Ne4 Nxe4 16. Bxe4 Bc5+ 17. Kh1 Bd7 18. Qd3 g6 19. Qd2 Re8 20.
Bc3 Rf8 21. Bd5 c6 22. Bb3 Rc8 23. Qh6 Qe8 24. Qg7# { Black checkmated }
1-0

[Event "ICC tourney 2520 (60 10)"]
[Site "Internet Chess Club"]
[Date "2021.04.17"]
[Round "1"]
[White "TARDIEU, NICOLAS:ToughWinner"]
[Black "BELYAKOV, KSENIA:SAKseniaB"]
[Result "1-0"]
[ICCResult "Black checkmated"]
[WhiteElo "568"]
[BlackElo "115"]
[Opening "King's pawn opening"]
[ECO "B07"]
[NIC "VO.17"]
[Time "10:03:12"]
[PlyCount "41"]
[TimeControl "3600+10"]

1. e4 d6 2. d4 Qd7 3. Nf3 Qg4 4. Nc3 e5 5. h3 Qe6 6. dxe5 dxe5 7. Be3 Nf6
8. Bd3 Nc6 9. Ng5 Qd7 10. O-O Bb4 11. Qd2 Nh5 12. a3 Be7 13. Nf3 Bh4 14.
Nxh4 g6 15. Bh6 Qg4 16. hxg4 Bxg4 17. Qg5 f6 18. Qxg4 Rg8 19. Qe6+ Ne7 20.
Nd5 g5 21. Qxe7# { Black checkmated } 1-0

[Event "ICC tourney 2520 (60 10)"]
[Site "Internet Chess Club"]
[Date "2021.04.17"]
[Round "1"]
[White "ALAGAPPAN, MUTHU KUMARAN:MKAL2012"]
[Black "KANG, LAUREN SEYIN:earlcat"]
[Result "1-0"]
[ICCResult "Black checkmated"]
[WhiteElo "791"]
[BlackElo "409"]
[Opening "KGA: Schallop defense"]
[ECO "C34"]
[NIC "KG.02"]
[Time "10:02:46"]
[PlyCount "61"]
[TimeControl "3600+10"]

1. e4 e5 2. f4 exf4 3. Nf3 Nf6 4. Nc3 Bb4 5. d3 Bxc3+ 6. bxc3 d5 7. e5 Ng8
8. d4 f6 9. Bxf4 Bg4 10. Bd3 Bxf3 11. Qxf3 Nc6 12. O-O Qd7 13. exf6 Nxf6
14. Bg5 O-O-O 15. Bf5 Rhe8 16. Bxd7+ Rxd7 17. Bxf6 gxf6 18. Qxf6 Ne7 19.
Qf7 Rdd8 20. Qxh7 Nc6 21. Qf5+ Kb8 22. Rfe1 Rf8 23. Qd3 a6 24. Rab1 Rg8 25.
Qxa6 Kc8 26. Qxb7+ Kd7 27. Rf1 Rg7 28. Rf6 Rdg8 29. Qxc6+ Kd8 30. Rb8+ Ke7
31. Qe6# { Black checkmated } 1-0

[Event "ICC tourney 2520 (60 10)"]
[Site "Internet Chess Club"]
[Date "2021.04.17"]
[Round "1"]
[White "WEISSMAN, JONAS:nycjjw"]
[Black "RYSIN, MARK G:LionsMarkR"]
[Result "0-1"]
[ICCResult "White resigns"]
[WhiteElo "411"]
[BlackElo "795"]
[Opening "Old Indian: Ukrainian variation"]
[ECO "A53"]
[NIC "EO.10"]
[Time "10:02:36"]
[PlyCount "128"]
[TimeControl "3600+10"]

1. c4 e5 2. Nc3 Nf6 3. d4 d6 4. dxe5 dxe5 5. Qxd8+ Kxd8 6. Nf3 Nc6 7. Bg5
Be6 8. e4 Be7 9. Bd3 Kd7 10. O-O Rad8 11. Rad1 Kc8 12. Nb5 h6 13. Bxf6 Bxf6
14. b3 a6 15. Nc3 Nb4 16. Ne1 Rd7 17. Be2 Rhd8 18. Nf3 Kb8 19. Rxd7 Rxd7
20. Rd1 Rxd1+ 21. Bxd1 g5 22. a3 Nc6 23. h3 Ne7 24. g4 c6 25. Nd2 Ng6 26.
Kh2 Nf4 27. c5 Be7 28. b4 Bf6 29. f3 Kc7 30. Kg3 h5 31. a4 h4+ 32. Kh2 b6
33. cxb6+ Kxb6 34. a5+ Kc7 35. Bb3 Kd6 36. Bxe6 fxe6 37. Nc4+ Kc7 38. Nb6
Be7 39. Na2 Nd3 40. Na8+ Kb7 41. Nb6 Nxb4 42. Nxb4 Bxb4 43. Nc4 Bc3 44. Kg2
c5 45. Nd6+ Kc6 46. Nf7 Kb5 47. Nxg5 Kxa5 48. Nxe6 Kb4 49. Nxc5 Kxc5 50. g5
Kd6 51. g6 Ke7 52. f4 exf4 53. Kf3 Kf6 54. Kxf4 Kxg6 55. e5 Bxe5+ 56. Kxe5
a5 57. Kd4 a4 58. Kc3 a3 59. Kb3 Kf5 60. Kxa3 Kf4 61. Kb3 Kg3 62. Kc2 Kxh3
63. Kd2 Kg2 64. Ke3 h3 { White resigns } 0-1

[Event "ICC tourney 2520 (60 10)"]
[Site "Internet Chess Club"]
[Date "2021.04.17"]
[Round "1"]
[White "VITTICORE, VIOLA:ViolaVps130"]
[Black "AGARAM, VAISHNAVI:Vagaram"]
[Result "0-1"]
[ICCResult "White checkmated"]
[WhiteElo "163"]
[BlackElo "609"]
[Opening "Giuoco Piano"]
[ECO "C50"]
[NIC "IG.02"]
[Time "10:02:40"]
[PlyCount "38"]
[TimeControl "3600+10"]

1. e4 e5 2. Nf3 Nc6 3. Bc4 Bc5 4. O-O Nf6 5. Nc3 d6 6. d3 O-O 7. Bd2 Nd4 8.
Nxd4 Bxd4 9. Qe2 Bxc3 10. Bxc3 Bg4 11. Bxf7+ Rxf7 12. Qe3 Qd7 13. Rfe1 Bh5
14. f3 d5 15. Re2 dxe4 16. Rae1 exf3 17. gxf3 Qh3 18. Qxe5 Bxf3 19. Re3
Qg2# { White checkmated } 0-1

[Event "ICC tourney 2520 (60 10)"]
[Site "Internet Chess Club"]
[Date "2021.04.17"]
[Round "1"]
[White "LAM, MILES:LionsMilesL"]
[Black "LIANG, KEVIN:Kingkevin13"]
[Result "1-0"]
[ICCResult "Black resigns"]
[WhiteElo "557"]
[BlackElo "105"]
[Opening "QGD: 4.Nf3"]
[ECO "D37"]
[NIC "QO.16"]
[Time "10:02:28"]
[PlyCount "57"]
[TimeControl "3600+10"]

1. d4 d5 2. c4 e6 3. Nc3 Nf6 4. Nf3 Nc6 5. Bf4 Bd6 6. Bxd6 Qxd6 7. Nb5 Qd8
8. e3 a6 9. Nc3 O-O 10. Be2 Re8 11. cxd5 exd5 12. O-O Bf5 13. Re1 Nb4 14.
Rf1 Qd6 15. a3 Nc6 16. Re1 Ne4 17. Nxe4 dxe4 18. Nd2 Re6 19. Nc4 Qd7 20. d5
Rg6 21. dxc6 Qxc6 22. Ne5 Qe6 23. Nxg6 Qxg6 24. Bh5 Qf6 25. Bg4 Bg6 26. Rc1
Rd8 27. Qe2 c6 28. Red1 Re8 29. Rd7 { Black resigns } 1-0

[Event "ICC tourney 2520 (60 10)"]
[Site "Internet Chess Club"]
[Date "2021.04.17"]
[Round "1"]
[White "Pearlman, Russell:russellpearlman"]
[Black "ALBANO, MILES:MrAnalysis"]
[Result "0-1"]
[ICCResult "White checkmated"]
[WhiteElo "178"]
[BlackElo "623"]
[Opening "Ruy Lopez: Berlin defense"]
[ECO "C65"]
[NIC "RL.07"]
[Time "10:02:26"]
[PlyCount "56"]
[TimeControl "3600+10"]

1. e4 e5 2. Nf3 Nc6 3. Bb5 Nf6 4. Bxc6 dxc6 5. Nxe5 Nxe4 6. Qe2 Qd5 7. Nd3
Bf5 8. O-O O-O-O 9. Nc3 Nxc3 10. dxc3 Bxd3 11. Qg4+ f5 12. Qg3 Bxf1 13. Bg5
Rd7 14. Rxf1 Be7 15. Re1 Bxg5 16. Qxg5 b6 17. h3 Qd6 18. Qxf5 g6 19. Qg4
Kb7 20. Qa4 Re7 21. Rc1 Rhe8 22. Rf1 Re1 23. g3 Rxf1+ 24. Kxf1 Qd1+ 25. Kg2
Re1 26. c4 Rg1+ 27. Kh2 Qf1 28. g4 Qg2# { White checkmated } 0-1

[Event "ICC tourney 2520 (60 10)"]
[Site "Internet Chess Club"]
[Date "2021.04.17"]
[Round "1"]
[White "VON SCHIMMELMANN, ALEXANDER:AlexV2013"]
[Black "ZHANG, JERRY TIANCHEN:jerry65321"]
[Result "0-1"]
[ICCResult "White checkmated"]
[WhiteElo "273"]
[BlackElo "633"]
[Opening "Queen's pawn game, Chigorin variation"]
[ECO "D02"]
[NIC "QP.08"]
[Time "10:03:12"]
[PlyCount "126"]
[TimeControl "3600+10"]

1. d4 d5 2. Nf3 Nc6 3. Bf4 Bf5 4. e3 Nf6 5. c3 e6 6. Bd3 Bxd3 7. Qxd3 Be7
8. O-O O-O 9. Nbd2 h6 10. Nb3 Re8 11. Nbd2 Bd6 12. Bg3 Bxg3 13. hxg3 Ne7
14. Qb5 Qd6 15. Qd3 Ng6 16. Rac1 Rad8 17. c4 c6 18. cxd5 Nxd5 19. Ne1 Nf6
20. Rc4 e5 21. dxe5 Qxd3 22. Nxd3 Nxe5 23. Nxe5 Rxe5 24. Nf3 Red5 25. Nd4
h5 26. f3 c5 27. Rd1 cxd4 28. Rdxd4 Rxd4 29. exd4 Nd5 30. b3 Kf8 31. a3 Ke7
32. Rc1 Kd6 33. Rd1 Kc6 34. Rc1+ Kb6 35. Rc4 a5 36. b4 axb4 37. axb4 Kb5
38. Rc5+ Kxb4 39. Kh1 Nf6 40. Rc1 Ka5 41. Ra1+ Kb6 42. Rb1+ Kc6 43. g4 hxg4
44. Rc1+ Kd6 45. f4 Rb8 46. f5 b5 47. Rb1 b4 48. d5 b3 49. Ra1 b2 50. Rd1
b1=Q 51. Rxb1 Rxb1+ 52. Kh2 Kxd5 53. g3 Ne4 54. Kg2 Rb2+ 55. Kh1 Nxg3+ 56.
Kg1 Ke4 57. f6 Nh5 58. fxg7 Nxg7 59. Kh1 Kf3 60. Kg1 Rf2 61. Kh1 Kg3 62.
Kg1 Rf6 63. Kh1 Rf1# { White checkmated } 0-1

[Event "ICC tourney 2520 (60 10)"]
[Site "Internet Chess Club"]
[Date "2021.04.17"]
[Round "1"]
[White "LOPEZ, RUBI:Rubilopez05"]
[Black "BROOKS, CARLIN:CarlinBps130"]
[Result "0-1"]
[ICCResult "White resigns"]
[WhiteElo "109"]
[BlackElo "565"]
[Opening "Four knights: Italian variation"]
[ECO "C47"]
[NIC "KP.06"]
[Time "10:02:56"]
[PlyCount "51"]
[TimeControl "3600+10"]

1. e4 e5 2. Nc3 Nc6 3. Nf3 Nf6 4. Bc4 d6 5. O-O Bg4 6. d3 g6 7. Bg5 Bg7 8.
Bxf6 Bxf6 9. h3 Bxf3 10. Qxf3 O-O 11. Qd1 Nd4 12. Re1 Bh4 13. Rf1 Qd7 14.
g3 Bg5 15. f4 Bf6 16. fxe5 Bxe5 17. g4 c6 18. h4 d5 19. h5 dxc4 20. dxc4
gxh5 21. gxh5 Qh3 22. Rf2 Kh8 23. Qd2 Rg8+ 24. Rg2 Qxh5 25. Rxg8+ Rxg8+ 26.
Kf1 { White resigns } 0-1

[Event "ICC tourney 2520 (60 10)"]
[Site "Internet Chess Club"]
[Date "2021.04.17"]
[Round "1"]
[White "SANCHEZ, JARIEL:ColumbiaJariel"]
[Black "Ramkumar, Nikhil:nikhilramkumar"]
[Result "0-1"]
[ICCResult "White checkmated"]
[WhiteElo "305"]
[BlackElo "667"]
[Opening "Van't Kruijs opening"]
[ECO "A00"]
[Time "10:02:28"]
[PlyCount "58"]
[TimeControl "3600+10"]

1. e3 d5 2. Nc3 c5 3. d4 cxd4 4. exd4 Bf5 5. Bf4 a6 6. Nf3 Nc6 7. Be2 Nf6
8. O-O e6 9. Bb5 axb5 10. Qe2 Be7 11. Qxb5 Ra7 12. Be5 Qa5 13. Qxa5 Rxa5
14. Bc7 Ra8 15. Rfe1 O-O 16. Re3 Ne4 17. Nb5 Na7 18. Nxa7 Rxa7 19. Bb6 Raa8
20. Rb3 Nd6 21. Bc5 Bxc2 22. Rxb7 Nxb7 23. Bxe7 Rfe8 24. Bb4 Bb3 25. Rc1
Bxa2 26. Rc7 Na5 27. Ne5 Rec8 28. Rxf7 Rc1+ 29. Be1 Rxe1# { White
checkmated } 0-1

[Event "ICC tourney 2520 (60 10)"]
[Site "Internet Chess Club"]
[Date "2021.04.17"]
[Round "1"]
[White "GORDON, RYAN:RJMagnus"]
[Black "GOURVITCH, GUY:GuyGPS77"]
[Result "1-0"]
[ICCResult "Black checkmated"]
[WhiteElo "633"]
[BlackElo "273"]
[Opening "Queen's gambit accepted"]
[ECO "D20"]
[NIC "QG.03"]
[Time "10:02:42"]
[PlyCount "75"]
[TimeControl "3600+10"]

1. d4 d5 2. c4 dxc4 3. e3 Nc6 4. Bxc4 Nf6 5. Nc3 Bf5 6. d5 Nb8 7. Bb5+ c6
8. dxc6 bxc6 9. Qxd8+ Kxd8 10. Bc4 e6 11. Nf3 Bd6 12. Ng5 Re8 13. Nxf7+ Ke7
14. Nxd6 Kxd6 15. O-O Ke7 16. Re1 Kf8 17. e4 Bg4 18. e5 Ne4 19. Rxe4 Kg8
20. Rxg4 Na6 21. Bxa6 Rad8 22. Bh6 Re7 23. Bg5 Red7 24. Bxd8 Rxd8 25. Rd1
Rxd1+ 26. Nxd1 h5 27. Rh4 c5 28. Rxh5 c4 29. Bxc4 g6 30. Rg5 Kg7 31. Bxe6
Kh6 32. Rg3 Kh5 33. Bc4 Kh4 34. e6 Kh5 35. e7 Kh6 36. e8=Q Kh7 37. Qxg6+
Kh8 38. Qg7# { Black checkmated } 1-0

[Event "ICC tourney 2520 (60 10)"]
[Site "Internet Chess Club"]
[Date "2021.04.17"]
[Round "1"]
[White "Na, Alexander:Madsilly3"]
[Black "ROOSEN, WILLIAM:Willy013"]
[Result "0-1"]
[ICCResult "White checkmated"]
[WhiteElo "403"]
[BlackElo "782"]
[Opening "Petrov: Cozio (Lasker) attack"]
[ECO "C42"]
[NIC "RG.03"]
[Time "10:23:50"]
[PlyCount "86"]
[TimeControl "3600+10"]

1. e4 e5 2. Nf3 Nf6 3. Nxe5 d6 4. Nf3 Nxe4 5. Qe2 Qe7 6. h4 Nc6 7. Ng5 Nxg5
8. Qxe7+ Bxe7 9. hxg5 Bxg5 10. d3 Bxc1 11. Nd2 Bxb2 12. Rb1 Bc3 13. Be2
Bxd2+ 14. Kxd2 Nd4 15. Rb4 Nxe2 16. Re4+ Be6 17. Rxe2 O-O-O 18. Rhe1 Bxa2
19. Re3 Bd5 20. f3 Kb8 21. R1e2 Bc6 22. Re1 Rde8 23. c4 Rxe3 24. Rxe3 Re8
25. Re4 Bxe4 26. fxe4 Re6 27. d4 Rxe4 28. Kd3 Rg4 29. Kc3 Rxg2 30. Kb4 h5
31. c5 h4 32. cxd6 cxd6 33. Kc4 h3 34. Kd5 Kc7 35. Ke4 h2 36. Kf3 h1=Q 37.
d5 Rd2+ 38. Kg3 Qg2+ 39. Kh4 Qxd5 40. Kh3 Qf3+ 41. Kh4 Rd4+ 42. Kg5 Qf6+
43. Kh5 Qg6# { White checkmated } 0-1

[Event "ICC tourney 2520 (60 10)"]
[Site "Internet Chess Club"]
[Date "2021.04.17"]
[Round "1"]
[White "RICAUD, LYNN:lricaud"]
[Black "FOFANA, MARYAM:RPIMaryam"]
[Result "0-1"]
[ICCResult "White checkmated"]
[WhiteElo "551"]
[BlackElo "100"]
[Opening "Four knights: symmetrical variation"]
[ECO "C49"]
[NIC "KP.03"]
[Time "10:03:32"]
[PlyCount "128"]
[TimeControl "3600+10"]

1. e4 e5 2. Nf3 Nc6 3. Nc3 Nf6 4. Bb5 Bb4 5. O-O O-O 6. d3 d6 7. Bg5 Bg4 8.
Nd5 a6 9. Nxf6+ gxf6 10. Bh6 Re8 11. Bxc6 bxc6 12. h3 Bh5 13. g4 Bg6 14.
Nh4 f5 15. exf5 Qxh4 16. fxg6 Qxh6 17. gxf7+ Kxf7 18. Qf3+ Qf6 19. Qe4 c5
20. Qxh7+ Qg7 21. Qf5+ Ke7 22. a3 Ba5 23. Qh5 Rh8 24. Qf5 Qh6 25. f3 d5 26.
Qxe5+ Qe6 27. Qg5+ Qf6 28. Qe3+ Kd7 29. Qxc5 Bb6 30. Qxb6 cxb6 31. Kf2 Qh6
32. Rh1 Rhf8 33. h4 Qf6 34. Rh3 Qxb2 35. Re1 Rfe8 36. Re2 Rxe2+ 37. Kxe2
Qxc2+ 38. Ke3 d4+ 39. Kxd4 Rd8 40. Ke3 Re8+ 41. Kf4 Qc5 42. g5 Ke7 43. Rh2
Ke6 44. Re2+ Kd7 45. Rg2 Ke6 46. Re2+ Kf7 47. Rf2 Qxf2 48. Kg4 Rh8 49. Kf5
Qxf3+ 50. Ke5 Rxh4 51. d4 Qxa3 52. d5 Ke7 53. g6 Kd7 54. Kf6 Rh6 55. Ke5
Qg3+ 56. Ke4 Qxg6+ 57. Kd4 Rh5 58. Ke3 Qg3+ 59. Ke4 Qg5 60. Kd4 Qxd5+ 61.
Kc3 Qe4 62. Kb3 Rh3+ 63. Kb2 Qe2+ 64. Kb1 Rh1# { White checkmated } 0-1

[Event "ICC tourney 2520 (60 10)"]
[Site "Internet Chess Club"]
[Date "2021.04.17"]
[Round "1"]
[White "VASHISHT, ANEESH:aneeshgm2013"]
[Black "STRAND, MAXIMILIAN:maxstrand11"]
[Result "1-0"]
[ICCResult "Black checkmated"]
[WhiteElo "698"]
[BlackElo "322"]
[Opening "Konstantinopolsky opening"]
[ECO "C44"]
[NIC "KP.10"]
[Time "10:02:24"]
[PlyCount "73"]
[TimeControl "3600+10"]

1. e4 e5 2. Nf3 Nc6 3. g3 Nf6 4. Nc3 Bc5 5. Bg2 O-O 6. O-O Ng4 7. h3 Bxf2+
8. Kh1 Ne3 9. dxe3 Bxg3 10. Ne2 Bh4 11. Nxh4 Qxh4 12. a3 d6 13. Ng1 Qg3 14.
Rf3 Qg5 15. Bd2 Be6 16. Qf1 a6 17. Qf2 Bc4 18. b3 Be6 19. h4 Qg4 20. Bh3
Qg6 21. Bxe6 Qxe6 22. Nh3 Qg4 23. Rf1 Ne7 24. Rxf7 Rxf7 25. Qxf7+ Kh8 26.
Qxe7 Qxh3+ 27. Kg1 Qg4+ 28. Kh2 Qc8 29. c4 Qd8 30. Qf7 Qxh4+ 31. Kg1 Qg3+
32. Kh1 h6 33. Be1 Qh3+ 34. Kg1 Kh7 35. Rf3 Qg4+ 36. Rg3 Qd1 37. Qxg7# {
Black checkmated } 1-0

[Event "ICC tourney 2520 (60 10)"]
[Site "Internet Chess Club"]
[Date "2021.04.17"]
[Round "1"]
[White "CICCIA, MARTINA:MartinaC"]
[Black "ROSO, LIAM:lr31"]
[Result "0-1"]
[ICCResult "White checkmated"]
[WhiteElo "263"]
[BlackElo "627"]
[Opening "Caro-Kann: exchange variation"]
[ECO "B13"]
[NIC "CK.02"]
[Time "10:14:05"]
[PlyCount "96"]
[TimeControl "3600+10"]

1. e4 c6 2. d4 d5 3. exd5 cxd5 4. Bb5+ Nc6 5. Nc3 Nf6 6. Nf3 Bg4 7. O-O e6
8. Bg5 Bb4 9. Bd2 O-O 10. Bxc6 bxc6 11. Na4 Bd6 12. Qe1 Bxf3 13. Ba5 Qb8
14. g3 Qb5 15. b3 Be2 16. Nc3 Qxa5 17. Qxe2 Qxc3 18. Rad1 Qb2 19. Rb1 Qxd4
20. Rfd1 Qc5 21. Rd2 Qa5 22. a3 Qxa3 23. Rd3 Qc5 24. b4 Qb6 25. Rdb3 Ne4
26. b5 Nc5 27. Rb4 Nd7 28. R4b2 Ne5 29. bxc6 Qxc6 30. f4 Nc4 31. Rb5 Bc5+
32. Kf1 Na3 33. R1b2 Nc4 34. R2b3 Rac8 35. Ra5 h6 36. Ra1 d4 37. Qxc4 Qh1+
38. Ke2 Qxa1 39. Qb5 Qh1 40. c3 Qg2+ 41. Ke1 dxc3 42. Rxc3 Qe4+ 43. Kf1
Qh1+ 44. Ke2 Qg2+ 45. Ke1 Bf2+ 46. Kd1 Rxc3 47. Qb4 Qf1+ 48. Kd2 Qe1# {
White checkmated } 0-1